 Dungeon Crawl Stone Soup version 0.28.0 (webtiles) character file.

Game seed: 9756425200703796328

44 mopl the Vexing (level 3, -2/19 HPs)
             Began as a Deep Elf Enchanter on Feb 16, 2022.
             Slain by a goblin (4 damage)
             ... led by Robin
             ... on level 1 of the Dungeon.
             The game lasted 00:03:17 (2862 turns).

mopl the Vexing (Deep Elf Enchanter)                Turns: 2862, Time: 00:03:19

Health: -2/19      AC:  2    Str:  5    XL:     3   Next: 39%
Magic:  8/10       EV: 12    Int: 21    God:
Gold:   71         SH:  0    Dex: 15    Spells: 4/9 levels left

rFire   . . .      SeeInvis .   a - +1 dagger
rCold   . . .      Faith    .   (no shield)
rNeg    . . .      Spirit   .   b - +0 robe
rPois   .          Reflect  .   (no helmet)
rElec   .          Harm     .   (no cloak)
rCorr   .          Rampage  .   (no gloves)
Will    .....                   (no boots)
Stlth   +++.......              (no amulet)
HPRegen 0.06/turn               (no ring)
MPRegen 0.12/turn               (no ring)

@: very slightly contaminated
A: no striking features
a: no special abilities


You were on level 1 of the Dungeon.
You visited 1 branch of the dungeon, and saw 3 of its levels.

You collected 71 gold pieces.

Inventory:

Hand Weapons
 a - a +1 dagger (weapon)
Missiles
 d - 13 poisoned darts (quivered)
Armour
 b - a +0 robe (worn)
Scrolls
 e - a scroll of amnesia {unknown}
 f - 2 scrolls of teleportation {unknown}
 g - a scroll of magic mapping {unknown}
Potions
 c - a potion of invisibility


   Skills:
 + Level 1.6 Short Blades
 - Level 2.4 Dodging
 + Level 4.2 Stealth
 + Level 3.6 Spellcasting
 + Level 4.4 Hexes
 + Level 1.0 Ice Magic


You had 4 spell levels left.
You knew the following spells:

 Your Spells              Type           Power      Damage    Failure   Level
b - Ensorcelled Hibernat  Hex/Ice        30%        N/A       6%          2
c - Confusing Touch       Hex            22%        N/A       6%          3

Your spell library contained the following spells:

 Spells                   Type           Power      Damage    Failure   Level
 Tukima's Dance           Hex            22%        N/A       6%          3
 Dazzling Flash           Conj/Hex       26%        N/A       16%         3


Dungeon Overview and Level Annotations

Branches:
Dungeon (3/15)

Altars:

Shops:
D:1 **

Annotations:
D:3 Robin


Message History

The orc hits you with a +2 falchion of holy wrath.
There is a stone staircase leading up, spattered with blood here.
Unknown command.
The jackal bites you but does no damage.
The goblin closely misses you.
The jackal bites you but does no damage.
The orc hits you with a +2 falchion of holy wrath.
You climb upwards.
There is a stone staircase leading down here.
Unknown command.
The jackal barely misses you. The jackal bites you. x2
* * * LOW HITPOINT WARNING * * *
The jackal barely misses you. The jackal barely misses you.
Casting: Ensorcelled Hibernation (safe; 6% risk of failure)
Confirm with . or Enter, or press ? or * to list all spells.
Aiming: Ensorcelled Hibernation (safe; 6% risk of failure)
Press: ? - help, Shift-Dir - straight line, f - jackal
Aim: a jackal (chance to affect: 66%)
The jackal looks drowsy...
The helpless jackal fails to defend itself.
You puncture the jackal!
You kill the jackal!
Things that are here:
a +0 dagger; a hobgoblin corpse
There is a stone staircase leading up here.
The goblin hits you with a +0 dagger.
* * * LOW HITPOINT WARNING * * *
You climb upwards.
There is a stone staircase leading down here.
Casting: Ensorcelled Hibernation (safe; 6% risk of failure)
Confirm with . or Enter, or press ? or * to list all spells.
Aiming: Ensorcelled Hibernation (safe; 6% risk of failure)
Press: ? - help, Shift-Dir - straight line, f - goblin
Aim: a goblin, wielding a +0 dagger (chance to affect: 66%)
You miscast Ensorcelled Hibernation.
You are very lightly contaminated with residual magic.
Nothing appears to happen.
The goblin hits you with a +0 dagger.
You die...

#...†........
#.#####.####.
##########.#####.####.
#........#.#..........
#..>..................
#.....(÷...#.###..†...
#.#........#.###..####
#.............##..# #
#...g@............# #
#......(......###.# #
#.#........#.####.#
#.#.............#.#
#.........#####(#.#
###....#..# #.#.#
#.......# #...#
#.>#.#..# #.###
#.......#####...#


You could see a goblin.

Vanquished Creatures
  An adder (D:2)
  An orc (D:2)
  4 endoplasms (D:2)
  A giant cockroach (D:2)
  3 goblins
  3 hobgoblins
  A jackal (D:2)
  3 quokkas
  2 ball pythons
  2 bats (D:1)
  3 frilled lizards (D:2)
  3 kobolds
  4 rats
31 creatures vanquished.

Notes
Turn   | Place    | Note
-------+----------+-------------------------------------------
     0 | D:1      | mopl the Deep Elf Enchanter began the quest for the Orb.
     0 | D:1      | Reached XP level 1. HP: 10/10 MP: 6/6
   334 | D:1      | Found Degan's Assorted Antiques.
  1073 | D:1      | Found Nuaclewo's Assorted Antiques.
  1176 | D:1      | Reached XP level 2. HP: 15/15 MP: 8/8
  1179 | D:1      | Learned a level 2 spell: Ensorcelled Hibernation
  1564 | D:2      | Found a faded altar of an unknown god.
  1590 | D:2      | Reached skill level 4 in Stealth
  2409 | D:2      | Reached XP level 3. HP: 19/19 MP: 10/10
  2513 | D:2      | Learned a level 3 spell: Confusing Touch
  2695 | D:3      | Noticed Robin
  2752 | D:2      | Reached skill level 1 in Ice Magic
  2862 | D:1      | Slain by a goblin

Illustrated notes

Levels and vault maps discovered:
D:1:      denvon_arrival_planthouse, layout_loops_ring, serial_shops, shop,
          nicolae_shop_crystal
D:2:      layout_loops_corners, hellmonk_ecumenical_altar_run_dry
D:3:      kennysheep_goblin_castle, layout_rooms,
          amcnicky_altar_lugonu_corruption, uniq_robin, uniq_jessica

Skill      XL: |  1  2  3 |
---------------+----------+-----
Stealth        | 4 |  4.2
Ice Magic      | 1 |  1.0
Short Blades   | |  1.6
Dodging        | |  2.4
Spellcasting   | |  3.6
Hexes          | |  4.4

Action                   || total
-------------------------++-------
Melee: Dagger            ||    82
       Punch             ||     5
 Cast: Ensorcelled Hiber ||    16
 Stab: Sleeping          ||    14
Armor: Robe              ||    10
Dodge: Dodged            ||    49
